 Dungeon Crawl Stone Soup version 0.29-a0-284-gf9362112df (webtiles) character file.

Game seed: 12714817752831074724

177 Zonian the Chiller (level 5, -5/35 HPs)
             Began as a Demonspawn Ice Elementalist on Mar 22, 2022.
             Killed by an exploding phantom (18 damage)
             ... ignited by their inner flame
             ... on level 3 of the Dungeon.
             The game lasted 00:04:06 (1823 turns).

Zonian the Chiller (Demonspawn Ice Elementalist)    Turns: 1823, Time: 00:04:13

Health: -5/35      AC:  7    Str:  8    XL:     5   Next: 30%
Magic:  9/9        EV: 13    Int: 18    God:
Gold:   116        SH:  0    Dex: 16    Spells: 3/10 levels left

rFire   . . .      SeeInvis .   v - +4 trident (venom)
rCold   . . .      Faith    .   (no shield)
rNeg    . . .      Spirit   .   a - +0 robe
rPois   .          Reflect  .   u - +0 helmet
rElec   .          Harm     .   t - +0 cloak
rCorr   .          Rampage  .   i - +2 pair of gloves
Will    .....                   (no boots)
Stlth   +++.......              (no amulet)
HPRegen 0.11/turn               (no ring)
MPRegen 0.11/turn               (no ring)

@: about to teleport
A: thin skeletal structure 1, spiny 1, demonic touch 1
a: no special abilities


You were on level 3 of the Dungeon.
You visited 1 branch of the dungeon, and saw 3 of its levels.

You collected 116 gold pieces.

Inventory:

Hand Weapons
 d - a +0 short sword
 l - a +2 dagger of protection
 v - a +4 trident of venom (weapon)
Missiles
 q - 3 boomerangs
Armour
 a - a +0 robe (worn)
 c - a scarf of repulsion
 i - a +2 pair of gloves (worn)
 t - a +0 cloak (worn)
 u - a +0 helmet (worn)
Scrolls
 j - a scroll of identify {unknown}
 k - a scroll of immolation
 n - a scroll of enchant weapon {unknown}
 p - a scroll of fear {unknown}
Potions
 b - a potion of magic
 f - a potion of brilliance {unknown}
 g - a potion of flight {unknown}
 m - 2 potions of curing {unknown}
 o - 2 potions of heal wounds {unknown}
 r - a potion of haste {unknown}
 s - a potion of mutation {unknown}


   Skills:
 + Level 3.0 Dodging
 - Level 2.8 Stealth
 + Level 3.1 Spellcasting
 + Level 4.4 Ice Magic


You had 3 spell levels left.
You knew the following spells:

 Your Spells              Type           Power      Damage    Failure   Level
a - Freeze                Ice            72%        1d9       2%          1
b - Frozen Ramparts       Ice            36%        1d5       8%          3
c - Ozocubu's Armour      Ice            18%        N/A       8%          3

Your spell library contained the following spells:

 Spells                   Type           Power      Damage    Failure   Level
 Foxfire                  Conj/Fire      8%         2x1d4     16%         1
 Scorch                   Fire           4%         2d5       24%         2
 Conjure Flame            Conj/Fire      2%         6-21      43%         3
 Inner Flame              Hex/Fire       2%         N/A       43%         3
 Hailstorm                Conj/Ice       10%        3d5       54%         4
 Flame Wave               Conj/Fire      2%         2d4       85%         4
 Summon Cactus Giant      Summ           1%         N/A       100%        6


Dungeon Overview and Level Annotations

Branches:
Dungeon (3/15)

Altars:


Innate Abilities, Weirdness & Mutations

You have a somewhat thin skeletal structure. (Dex +2, Stealth+)
You are partially covered in sharp spines.
Your touch may inflict minor irresistible damage on your foes.


Message History

A kobold comes into view. It is wielding a +0 short sword.
Found a smoky blue potion.
The orc shouts!
You hear an angry hiss.
A phantom comes into view.
The orc shouts!
A rat comes into view.
The orc is struck by your spines. The orc hits you but does no damage.
The orc throws a boomerang.
The boomerang hits you.
You reach to attack!
You hit the orc.
You kill the orc!
You hit the orc.
The orc is poisoned.
Your touch misses the orc.
The orc is almost dead.
You kill the orc!
You reach to attack!
You hit the orc.
The orc is poisoned.
The orc is severely wounded.
You kill the orc!
Unknown command.
As you read the scroll labelled FIPUECVI NEFU, it crumbles to dust.
The creatures around you are filled with an inner flame!
It was a scroll of immolation.
The phantom completely misses you.
Unknown command.
As you read the scroll labelled METELIY BUSU, it crumbles to dust.
You feel strangely unstable.
It was a scroll of teleportation.
An adder comes into view.
The phantom is struck by your spines.
Flame seeps out of the phantom.
The phantom hits you.
As you read the scroll labelled TUUNASCHIKA, it crumbles to dust.
You feel aware of your surroundings.
It was a scroll of magic mapping.
The phantom is engulfed in blazing flames.
Flame seeps out of the phantom.
The phantom is struck by your spines.
Flame seeps out of the phantom.
The phantom closely misses you. The rat is struck by your spines.
The rat explodes!
The fiery explosion engulfs the phantom!!
The fiery explosion engulfs you!!
Ouch! That really hurt!
The phantom explodes!
The fiery explosion engulfs you!!
Ouch! That really hurt!
You die...

********###########
,,,,,,,,..........#
,,*,,*,,#..#..#...#
,,,,,,,,,.........#
,,*,,*,,#..#..#)..#
,,,,,,,,......)...####
**###############)...#
,<........S......###.#
,,......#†####.#@###.#
,,.........)).§○§§##.###
,,......#.####.#§§##...#
,,.........# #.#..##.#.#
,,.....W#..# #....####.#
,,..r...#..# ###.##....#
,,.....,#..# ###....##
,,.....,#..#****#≈....##
,,..#.,,....,,,,#≈8....#


You could see an adder.

Vanquished Creatures
  A phantom (D:3)
  Natasha (twice) (D:2)
  Terence (D:3)
  An orc wizard (D:3)
  An adder (D:2)
  A worm (D:2)
  3 dart slugs
  5 orcs (D:3)
  5 ball pythons
  2 endoplasms
  3 giant cockroaches
  6 goblins
  4 jackals (D:2)
  6 kobolds
  7 bats
  4 frilled lizards
  5 rats
57 creatures vanquished.

Notes
Turn   | Place    | Note
-------+----------+-------------------------------------------
     0 | D:1      | Zonian the Demonspawn Ice Elementalist began the quest for
                  | the Orb.
     0 | D:1      | Reached XP level 1. HP: 13/13 MP: 3/3
   181 | D:1      | Gained mutation: Your touch may inflict minor irresistible
                  | damage on your foes. [demonic ancestry]
   181 | D:1      | Reached XP level 2. HP: 17/19 MP: 0/5
   684 | D:1      | Found a faded altar of an unknown god.
   881 | D:2      | Gained mutation: You are partially covered in sharp spines.
                  | [demonic ancestry]
   881 | D:2      | Reached XP level 3. HP: 24/24 MP: 3/6
   933 | D:2      | Learned a level 3 spell: Frozen Ramparts
   955 | D:2      | Noticed Natasha
   964 | D:2      | Killed Natasha
   965 | D:2      | Reached skill level 4 in Ice Magic
  1015 | D:2      | Reached XP level 4. HP: 30/30 MP: 7/7
  1174 | D:2      | Noticed Natasha
  1179 | D:2      | Killed Natasha
  1540 | D:2      | You fall into a shaft and drop 1 floor!
  1622 | D:3      | Learned a level 3 spell: Ozocubu's Armour
  1645 | D:3      | Gained mutation: You have a somewhat thin skeletal
                  | structure. (Dex +2, Stealth+) [demonic ancestry]
  1645 | D:3      | Reached XP level 5. HP: 35/35 MP: 9/9
  1711 | D:3      | Noticed Terence
  1717 | D:3      | Killed Terence
  1803 | D:3      | Noticed a phantom
  1823 | D:3      | Killed a phantom
  1823 | D:3      | Killed by an exploding phantom... ignited by their inner
                  | flame

Illustrated notes

Levels and vault maps discovered:
D:1:      minmay_arrival_diagonal_passages, layout_rooms,
          hellmonk_ecumenical_altar_lost_god, minmay_domino_4
D:2:      layout_basic, minmay_crystal_room, uniq_natasha
D:3:      layout_loops_ring, amcnicky_mini_pool_small, columned_hall_lemuel,
          kennysheep_nub, minmay_ogre_servants, uniq_robin, uniq_terence

Skill      XL: |  1  2  3  4  5 |
---------------+----------------+-----
Stealth        | 2 |  2.8
Dodging        | 2 3 |  3.0
Ice Magic      | 4 |  4.4
Spellcasting   | 3 |  3.1

Action                   |  1- 3 |  4- 6 || total
-------------------------+-------+-------++-------
Melee: Unarmed           |     2 |       ||     2
       Short sword       |    13 |       ||    13
       Dagger            |    22 |    29 ||    51
       Touch             |     2 |     9 ||    11
       Trident           |       |     3 ||     3
 Cast: Freeze            |    24 |    14 ||    38
  Use: Scroll            |       |     3 ||     3
 Stab: Sleeping          |     3 |     2 ||     5
Armor: Robe              |    20 |     8 ||    28
Dodge: Dodged            |    43 |    25 ||    68

Table legend: (Time is in decaauts)
 A = Elapsed time spent in this place.
 B = Non-inter-level travel time spent in this place.
 C = Inter-level travel time spent in this place.
 D = Time resting spent in this place.
 E = Time spent auto-exploring this place.
 F = Levels seen in this place.
 G = Mean time per level.
                   A        B        C        D        E       F      G
               +--------+--------+--------+--------+--------+-----+--------+
         Total |   1833 |   1820 |     13 |     25 |   1280 |   3 |  611.0 |
       Dungeon |   1833 |   1820 |     13 |     25 |   1280 |   3 |  611.0 |
               +--------+--------+--------+--------+--------+-----+--------+

Top non-repeatable levels by time:
     D:1: 844 daAuts
     D:2: 704 daAuts
     D:3: 284 daAuts
